[Event "Titled Tuesday Blitz May 24 Early 2022"]
[White "Gaehwiler, Gabriel"]
[Black "Kuderinov, Kirill"]
[WhiteFideId "1314530"]
[BlackFideId "13701568"]
[WhiteElo "2383"]
[BlackElo "2432"]
[Result "0-1"]
[Round "01"]
[TimeControl "180+1"]
[Date "2022.05.25"]
[WhiteClock "0:00:02"]
[BlackClock "0:00:13"]

1. Nf3 d5 2. d4 Nf6 3. c4 e6 4. Nc3 c5 5. e3 cxd4 6. exd4 Nc6 7. Bd3 dxc4 8. Bxc4 Bb4 9. O-O O-O 10. Bg5 Be7 11. Rc1 Nd5 12. Bd2 Bf6 13. Be3 Nb6 14. Bd3 h6 15. Bb1 Ne7 16. Ne4 Nf5 17. Bf4 Nd5 18. Nxf6+ Nxf6 19. Be5 Ng4 20. h3 Nxe5 21. dxe5 Ne7 22. Qc2 Ng6 23. Rfd1 Qe7 24. Rd4 Bd7 25. Rc4 Bc6 26. Nh4 Qg5 27. Rg4 Qxe5 28. Nxg6 fxg6 29. Qxg6 Rad8 30. Qh7+ Kf7 31. Qg6+ Ke7 32. Be4 Rf7 33. Bxc6 bxc6 34. Re4 Qd5 35. Rce1 Rd6 36. b3 Qf5 37. Qg3 g5 38. Qe3 a6 39. f3 Qd5 40. Qa7+ Kf8 41. Qxa6 Rf6 42. Qe2 Kf7 43. Rc1 Rf4 44. Rcc4 Qf5 45. a4 Qf6 46. Qc2 Rf5 47. Re1 c5 48. a5 Re5 49. Rd1 Rxd1+ 50. Qxd1 Rd5 51. Qe1 Rd6 52. Rxc5 Qd4+ 53. Qf2 Qd1+ 54. Kh2 Qxb3 55. Rc7+ Kg6 56. Qa7 Qb2 57. Qc5 Rd2 58. Qg1 Qe5+ 0-1


[Site "https://www.chess.com"]

[Event "Titled Tuesday Blitz May 24 Early 2022"]
[White "Gallego Alcaraz, Andres Felipe"]
[Black "Li, Zhuoling"]
[WhiteFideId "4402669"]
[BlackFideId "8605629"]
[WhiteElo "2340"]
[BlackElo "2336"]
[Result "1-0"]
[Round "01"]
[TimeControl "180+1"]
[Date "2022.05.25"]
[WhiteClock "0:01:05"]
[BlackClock "0:01:21"]

1. d4 Nf6 2. c4 g6 3. Nf3 d5 4. cxd5 Nxd5 5. e4 Nb6 6. h3 Bg7 7. Nc3 O-O 8. Be2 c5 9. d5 e6 10. O-O exd5 11. exd5 Bf5 12. Bg5 Qd7 13. Qd2 Qc8 14. Rac1 Na6 15. Bxa6 bxa6 16. Bh6 Qb7 17. Bxg7 Kxg7 18. Rfd1 Rfd8 19. b3 Rac8 20. Ne5 Rd6 21. Nc4 Nxc4 22. bxc4 Re8 23. Re1 Rdd8 24. g4 Bd7 25. Ne4 Qb4 26. Qxb4 cxb4 27. c5 f5 28. Nd6 Rxe1+ 29. Rxe1 Kf6 30. g5+ Kxg5 31. Nf7+ Kf4 32. Nxd8 1-0


[Site "https://www.chess.com"]

[Event "Titled Tuesday Blitz May 24 Early 2022"]
[White "Garcia Garcia, Alejandro"]
[Black "Paravyan, David"]
[WhiteFideId "3516334"]
[BlackFideId "4194985"]
[WhiteElo "2142"]
[BlackElo "2569"]
[Result "0-1"]
[Round "01"]
[TimeControl "180+1"]
[Date "2022.05.24"]
[WhiteClock "0:00:16"]
[BlackClock "0:00:20"]

1. Nf3 Nf6 2. g3 g6 3. Bg2 Bg7 4. O-O O-O 5. c4 c6 6. Nc3 d5 7. cxd5 cxd5 8. d4 Ne4 9. Nd2 Nf6 10. Nf3 Ne4 11. Nd2 Nxc3 12. bxc3 Nc6 13. e4 dxe4 14. Nxe4 b6 15. Qe2 Bb7 16. Ba3 Re8 17. Ng5 e6 18. Ne4 Na5 19. Rfd1 Bf8 20. Bxf8 Rxf8 21. c4 Qe7 22. h4 Rac8 23. Rac1 Ba6 24. Nd2 Qb4 25. Bf1 Rfd8 26. Qe5 Nc6 27. Qf4 Qe7 28. Ne4 e5 29. dxe5 Qxe5 30. Qf3 Nd4 31. Qe3 Bb7 32. Bg2 Bxe4 33. Bxe4 Ne6 34. Bd5 Qxe3 35. fxe3 Nc5 36. Rf1 Rd7 37. Rc2 h5 38. Rcf2 Rcc7 39. Rf6 Kg7 40. Kg2 b5 41. e4 bxc4 42. R6f3 Nd3 43. a4 Ne5 44. Rc3 Rc5 45. Rfc1 Rdc7 46. Kf2 Nd3+ 47. Ke3 Nxc1 48. Rxc1 c3 49. Rc2 Kf6 50. Kd4 Ke7 51. Kd3 Kd6 52. Bb3 Ke5 53. Bd5 Rxd5+ 54. exd5 Kxd5 55. Rc1 c2 56. Kd2 Kd4 57. a5 a6 58. Ke2 Kc3 0-1


[Site "https://www.chess.com"]

[Event "Titled Tuesday Blitz May 24 Early 2022"]
[White "Garv Gaur"]
[Black "Demchenko, Anton"]
[WhiteFideId "45030839"]
[BlackFideId "4160258"]
[WhiteElo "1950"]
[BlackElo "2539"]
[Result "0-1"]
[Round "01"]
[TimeControl "180+1"]
[Date "2022.05.24"]
[WhiteClock "0:00:08"]
[BlackClock "0:00:21"]

1. d4 Nf6 2. Nf3 g6 3. c4 Bg7 4. g3 O-O 5. Bg2 d6 6. O-O Nbd7 7. Nc3 e5 8. e4 exd4 9. Nxd4 Nc5 10. h3 Re8 11. Re1 a5 12. Ndb5 Bd7 13. Bf4 Bxb5 14. Nxb5 Nfd7 15. Qc2 Ne5 16. Rad1 Qe7 17. Be3 Nc6 18. Nc3 Nb4 19. Qb1 c6 20. Bd4 Nba6 21. Bxg7 Kxg7 22. Rd2 Rad8 23. Qd1 h5 24. h4 Qe6 25. Qe2 Rd7 26. Kh2 Qf6 27. Red1 a4 28. Rd4 a3 29. bxa3 Ne6 30. R4d3 Nac5 31. Rf3 Nd4 32. Rxf6 Nxe2 33. Rf3 Nxc3 34. Rxc3 Nxe4 35. Bxe4 Rxe4 36. Kg2 Kf6 37. Rd2 Ke7 38. Rb2 Kd8 39. a4 Re5 40. Rcb3 Kc8 41. Re3 Rxe3 42. fxe3 Re7 43. Kf3 Re5 44. Kf4 Rc5 45. Rb4 Kc7 46. Ke4 Re5+ 47. Kf4 Rf5+ 48. Ke4 Rf2 49. Rb1 f5+ 50. Kd4 Rxa2 51. e4 c5+ 52. Ke3 Ra3+ 53. Kf4 fxe4 54. Re1 Rxa4 55. Rxe4 b5 56. Kg5 Rxc4 57. Re7+ Kd8 58. Rb7 Rg4+ 59. Kh6 b4 60. Rb8+ Kc7 61. Rg8 b3 0-1


[Site "https://www.chess.com"]

[Event "Titled Tuesday Blitz May 24 Early 2022"]
[White "Gatterer, Florian"]
[Black "Liyanage, Ranindu Dilshan"]
[WhiteFideId "811688"]
[BlackFideId "9915834"]
[WhiteElo "2218"]
[BlackElo "1858"]
[Result "0-1"]
[Round "01"]
[TimeControl "180+1"]
[Date "2022.05.25"]
[WhiteClock "0:00:15"]
[BlackClock "0:01:12"]

1. f4 d5 2. Nf3 c5 3. g3 Nc6 4. Bg2 g6 5. O-O Bg7 6. d3 Nf6 7. Ne5 O-O 8. Nxc6 bxc6 9. e4 Bg4 10. Qe1 dxe4 11. dxe4 Qd4+ 12. Kh1 Rfd8 13. h3 Be6 14. Nc3 Bc4 15. Rg1 Qd7 16. Be3 Be6 17. Kh2 c4 18. Qf2 Qc7 19. Na4 Nd7 20. c3 f6 21. Kh1 Rab8 22. Bxa7 Ra8 23. Bb6 Nxb6 24. Qxb6 Qxb6 25. Nxb6 Ra6 26. Nxc4 Bxc4 27. b3 Be6 28. c4 Rd2 29. a4 Rd3 30. Rgb1 Rxg3 31. Kh2 Rc3 32. Bf1 c5 33. a5 Bh6 34. f5 gxf5 35. exf5 Bxf5 36. Rd1 Rxb3 37. Rd8+ Kf7 38. Be2 Rb2 39. Re1 Re6 40. Kg3 Rexe2 0-1


[Site "https://www.chess.com"]

[Event "Titled Tuesday Blitz May 24 Early 2022"]
[White "Goltsev, Dmitry"]
[Black "Khamdamova, Afruza"]
[WhiteFideId "24176710"]
[BlackFideId "14210444"]
[WhiteElo "2258"]
[BlackElo "1660"]
[Result "1-0"]
[Round "01"]
[TimeControl "180+1"]
[Date "2022.05.25"]
[WhiteClock "0:00:28"]
[BlackClock "0:00:04"]

1. e4 e5 2. Nf3 Nf6 3. Nxe5 d6 4. Nf3 Nxe4 5. d3 Nf6 6. d4 d5 7. Bd3 Bd6 8. O-O O-O 9. Re1 Bg4 10. Bg5 Nc6 11. c3 h6 12. Bh4 Be7 13. Nbd2 Re8 14. h3 Bh5 15. g4 Bg6 16. Bxg6 fxg6 17. Ne5 Nxe5 18. dxe5 Nd7 19. Bg3 Nc5 20. Qc2 Kh7 21. Rad1 Bh4 22. Nf3 Bxg3 23. fxg3 c6 24. Nh4 Re6 25. b4 Nd7 26. Nf3 Qe7 27. Re3 Re8 28. Kg2 Nxe5 29. Nd4 Rf6 30. Rde1 Qd6 31. Qe2 Qf8 32. Rxe5 Rxe5 33. Qxe5 Rf2+ 34. Kg1 Rxa2 35. Qf4 Qxf4 36. gxf4 Ra3 37. Re7 Rxc3 38. Rxb7 Rxh3 39. Kg2 Rd3 40. Nxc6 Rd2+ 41. Kf3 Rd3+ 42. Ke2 Rg3 43. Ne5 h5 44. g5 h4 45. Nd7 Kg8 46. Kf2 Rb3 47. Ne5 h3 48. Rb8+ Kh7 49. Nf7 1-0


[Site "https://www.chess.com"]

[Event "Titled Tuesday Blitz May 24 Early 2022"]
[White "Golubev, Mikhail"]
[Black "Schut, Han"]
[WhiteFideId "14100983"]
[BlackFideId "1005561"]
[WhiteElo "2374"]
[BlackElo "2057"]
[Result "1/2-1/2"]
[Round "01"]
[TimeControl "180+1"]
[Date "2022.05.25"]
[WhiteClock "0:00:23"]
[BlackClock "0:00:08"]

1. e4 c5 2. Nf3 d6 3. d4 cxd4 4. Nxd4 Nf6 5. Nc3 a6 6. Bc4 e6 7. Bb3 b5 8. O-O b4 9. Na4 Bd7 10. Re1 Nc6 11. Nxc6 Bxc6 12. Qd4 Rb8 13. c3 d5 14. exd5 Nxd5 15. c4 Nf6 16. Qxd8+ Rxd8 17. Bf4 Be7 18. Rad1 O-O 19. f3 Rc8 20. Kf2 Bxa4 21. Bxa4 Rxc4 22. Bd6 Bxd6 23. Rxd6 a5 24. Re5 Nd5 25. Bb3 Rc5 26. Bxd5 exd5 27. Rexd5 Rc2+ 28. Rd2 Rxd2+ 29. Rxd2 Rc8 30. Rd5 g6 31. Kg3 Rc2 32. Rxa5 Rxb2 33. Ra7 b3 34. axb3 Rxb3 35. h4 h5 1/2-1/2


[Site "https://www.chess.com"]

[Event "Titled Tuesday Blitz May 24 Early 2022"]
[White "Gronnestad, Anita"]
[Black "Maksimenko, Viktor"]
[WhiteFideId "1502972"]
[BlackFideId "13710478"]
[WhiteElo "1933"]
[BlackElo "2269"]
[Result "0-1"]
[Round "01"]
[TimeControl "180+1"]
[Date "2022.05.25"]
[WhiteClock "0:02:11"]
[BlackClock "0:02:08"]

1. d4 Nf6 2. c4 e6 3. Nf3 b6 4. Nc3 Bb4 5. Qc2 Bb7 6. Bd2 O-O 7. e3 c5 8. Bd3 cxd4 9. exd4 h6 10. Ne4 Bxd2+ 11. Nfxd2 d5 12. Nxf6+ Qxf6 13. O-O Qxd4 14. Rad1 Nc6 15. Nf3 Qf6 16. cxd5 Nb4 17. Bh7+ Kh8 18. Qb1 Bxd5 19. Be4 Bxa2 20. Qc1 Bd5 21. Rfe1 Rac8 22. Qb1 Bxe4 23. Rxe4 Nd5 24. Rg4 Rc7 25. b4 Rfc8 26. h4 Nc3 27. Qb2 Nxd1 0-1


[Site "https://www.chess.com"]

[Event "Titled Tuesday Blitz May 24 Early 2022"]
[White "Guliev, Logman"]
[Black "Boyer, Mahel"]
[WhiteFideId "13400061"]
[BlackFideId "45102422"]
[WhiteElo "2128"]
[BlackElo "2328"]
[Result "0-1"]
[Round "01"]
[TimeControl "180+1"]
[Date "2022.05.25"]
[WhiteClock "0:01:50"]
[BlackClock "0:02:38"]

1. e4 Nc6 2. Nf3 d5 3. exd5 Qxd5 4. Nc3 Qh5 5. Be2 Bg4 6. h3 O-O-O 7. O-O Bxh3 8. gxh3 Qxh3 9. Nh2 e6 10. Bg4 Qh4 11. Bf3 Bd6 12. Ng4 h5 13. Ne4 hxg4 14. Nxd6+ Rxd6 15. Re1 gxf3 16. Qxf3 Qh2+ 17. Kf1 Qh1+ 18. Qxh1 Rxh1+ 19. Ke2 Nd4+ 0-1


[Site "https://www.chess.com"]

[Event "Titled Tuesday Blitz May 24 Early 2022"]
[White "Haas, Michael"]
[Black "Amgalantengis, Enkh-Amgalan"]
[WhiteFideId "1629514"]
[BlackFideId "4903536"]
[WhiteElo "1982"]
[BlackElo "1719"]
[Result "0-1"]
[Round "01"]
[TimeControl "180+1"]
[Date "2022.05.25"]
[WhiteClock "0:00:03"]
[BlackClock "0:02:07"]

1. d4 Nf6 2. c4 g6 3. g3 Bg7 4. Bg2 O-O 5. Nc3 c5 6. d5 d6 7. e4 Na6 8. Nf3 Nc7 9. O-O a6 10. a4 Bg4 11. h3 Bxf3 12. Bxf3 Rb8 13. Be3 Nd7 14. Qd2 b5 15. axb5 axb5 16. Be2 bxc4 17. f4 Nb5 18. Bxc4 Nd4 19. Ra2 Rb4 20. Bd3 Qb6 21. Na4 Qb7 22. Nc3 Rb8 23. Nd1 Rb3 24. Bc4 Rb4 25. Bd3 f5 26. exf5 Qxd5 27. Nc3 Nf3+ 28. Rxf3 Qxf3 29. Be4 Qxg3+ 30. Bg2 Rxb2 31. Rxb2 Rxb2 32. Qxb2 Qxe3+ 33. Kh2 Bxc3 34. Qa2+ Kf8 35. Qa8+ Kg7 36. f6+ Nxf6 37. Qb7 Qxf4+ 38. Kh1 Qc1+ 39. Kh2 Be5# 0-1


[Site "https://www.chess.com"]

[Event "Titled Tuesday Blitz May 24 Early 2022"]
[White "Hambleton, Aman"]
[Black "Harris, Ian"]
[WhiteFideId "2606577"]
[BlackFideId "2020092"]
[WhiteElo "2552"]
[BlackElo "2435"]
[Result "1-0"]
[Round "01"]
[TimeControl "180+1"]
[Date "2022.05.25"]
[WhiteClock "0:00:05"]
[BlackClock "0:00:07"]

1. d4 d5 2. Bf4 Nf6 3. e3 c5 4. c3 Nc6 5. Nd2 Bf5 6. Qb3 Qb6 7. dxc5 Qxb3 8. axb3 e5 9. Bg3 Bxc5 10. b4 Bd6 11. Ngf3 Nh5 12. b5 Nxg3 13. hxg3 Ne7 14. Be2 O-O 15. Ra4 f6 16. e4 Be6 17. exd5 Nxd5 18. Bd3 f5 19. Ng5 Nc7 20. Nc4 Rfd8 21. b6 axb6 22. Rxa8 Rxa8 23. Kd2 Bxc4 24. Bxc4+ Kf8 25. Rxh7 Ke7 26. Rxg7+ Kf6 27. Rd7 e4 28. Rxd6+ Kxg5 29. Rxb6 e3+ 30. Kxe3 Re8+ 31. Kd2 Rd8+ 32. Kc2 Na8 33. Rxb7 Rc8 34. Bd5 Re8 35. Bf3 Re2+ 36. Bxe2 Nb6 37. Rxb6 1-0


[Site "https://www.chess.com"]

[Event "Titled Tuesday Blitz May 24 Early 2022"]
[White "Hansch, Karsten"]
[Black "Dubov, Daniil"]
[WhiteFideId "24692239"]
[BlackFideId "24126055"]
[WhiteElo "2358"]
[BlackElo "2791"]
[Result "1/2-1/2"]
[Round "01"]
[TimeControl "180+1"]
[Date "2022.05.24"]
[WhiteClock "0:00:17"]
[BlackClock "0:00:05"]

1. e4 c5 2. Nf3 Nc6 3. Bc4 e6 4. O-O Nge7 5. c3 d5 6. exd5 exd5 7. Bb3 Ng6 8. d4 Be6 9. Re1 c4 10. Bxc4 dxc4 11. d5 Bc5 12. dxe6 O-O 13. Qxd8 Raxd8 14. Nbd2 fxe6 15. Nxc4 Nh4 16. Be3 Nxf3+ 17. gxf3 Bxe3 18. Rxe3 Rf4 19. b3 b5 20. Na3 b4 21. cxb4 Nd4 22. Kg2 Rdf8 23. Re4 Nxf3 24. Rxf4 Rxf4 25. Nc4 Nh4+ 26. Kg3 g5 27. Re1 h5 28. Ne5 Nf5+ 29. Kg2 Rxb4 30. Nc6 Rb6 31. Ne5 Rd6 32. Nc4 Nh4+ 33. Kf1 Ra6 34. a4 Nf3 35. Rd1 Nxh2+ 36. Kg2 Ng4 37. Rd8+ Kf7 38. Rc8 Nh6 39. a5 Nf5 40. b4 Nd6 41. Nxd6+ Rxd6 42. Rc7+ Kf6 43. Rxa7 g4 44. Rb7 h4 45. b5 Rd2 46. a6 g3 47. a7 Rxf2+ 48. Kg1 Ra2 49. Rh7 Kg5 50. b6 Ra1+ 51. Kg2 Ra2+ 52. Kg1 Ra1+ 53. Kg2 Ra2+ 54. Kg1 1/2-1/2


[Site "https://www.chess.com"]

[Event "Titled Tuesday Blitz May 24 Early 2022"]
[White "Hart, Braeden"]
[Black "Korchmar, Vasiliy"]
[WhiteFideId "30962587"]
[BlackFideId "24131750"]
[WhiteElo "2394"]
[BlackElo "2370"]
[Result "0-1"]
[Round "01"]
[TimeControl "180+1"]
[Date "2022.05.25"]
[WhiteClock "0:01:50"]
[BlackClock "0:00:53"]

1. e4 c5 2. Nf3 d6 3. b4 cxb4 4. d4 Nf6 5. Bd3 g6 6. a3 bxa3 7. h3 Bg7 8. O-O O-O 9. Bxa3 Nc6 10. c4 Nh5 11. Bb2 Nf4 12. Qd2 Qb6 13. Nc3 Nxd3 14. Na4 Qb3 15. Ra3 Qxc4 16. Qxd3 Qxd3 17. Rxd3 Bd7 18. Rb1 Rab8 19. Nc3 Rfc8 20. Nd5 Kf8 21. Ba3 b5 22. e5 dxe5 23. Nxe5 Bxe5 24. dxe5 Bf5 25. Rdd1 Bxb1 26. Rxb1 b4 0-1


[Site "https://www.chess.com"]

[Event "Titled Tuesday Blitz May 24 Early 2022"]
[White "Hartikainen, Jarmo"]
[Black "Bagrationi, Alexander"]
[WhiteFideId "503134"]
[BlackFideId "14104954"]
[WhiteElo "2124"]
[BlackElo "2502"]
[Result "0-1"]
[Round "01"]
[TimeControl "180+1"]
[Date "2022.05.25"]
[WhiteClock "0:00:10"]
[BlackClock "0:00:41"]

1. e4 e6 2. d4 d5 3. Nc3 Bb4 4. e5 c5 5. a3 Bxc3+ 6. bxc3 Ne7 7. Qg4 O-O 8. Bd3 f5 9. exf6 Rxf6 10. Bg5 e5 11. Qg3 Re6 12. Bf5 Nxf5 13. Bxd8 Nxg3 14. hxg3 exd4+ 15. Kd2 Nc6 16. Bg5 dxc3+ 17. Kxc3 Bd7 18. Nf3 Re2 19. Be3 d4+ 20. Kd3 Rxc2 21. Kxc2 dxe3 22. fxe3 Bf5+ 23. Kc3 Re8 24. Rhe1 b5 25. Rad1 b4+ 26. axb4 cxb4+ 27. Kb2 a5 28. Rd5 Be4 29. Rc5 a4 30. Rec1 h6 31. Rxc6 Bxc6 32. Rxc6 Rxe3 33. Rc8+ Kf7 34. Rb8 a3+ 35. Ka2 Re2+ 36. Kb3 Rb2+ 37. Kc4 a2 38. Ne5+ Ke6 39. Re8+ Kf5 40. g4+ Kf4 41. Nd3+ Kxg4 42. Ra8 Rxg2 43. Nxb4 h5 44. Nxa2 h4 45. Nc3 h3 46. Rg8 g5 47. Ne4 Kf4 48. Nf6 h2 49. Nh5+ Kf3 50. Rf8+ Ke2 51. Re8+ Kd2 52. Rd8+ Kc2 53. Ra8 h1=Q 54. Ra2+ Kb1 55. Rxg2 Qxg2 56. Kd4 Qf2+ 57. Ke4 g4 58. Nf4 Qf3+ 59. Kf5 g3 60. Kg5 g2 61. Nh3 Qxh3 0-1


[Site "https://www.chess.com"]

[Event "Titled Tuesday Blitz May 24 Early 2022"]
[White "Hirneise, Jens"]
[Black "Molina, Roberto Junio Brito"]
[WhiteFideId "24614734"]
[BlackFideId "2109450"]
[WhiteElo "2359"]
[BlackElo "2432"]
[Result "0-1"]
[Round "01"]
[TimeControl "180+1"]
[Date "2022.05.25"]
[WhiteClock "0:00:37"]
[BlackClock "0:01:17"]

1. e4 c6 2. d4 d5 3. e5 Bf5 4. h4 Qb6 5. g4 Bd7 6. c3 c5 7. dxc5 Qxc5 8. Be3 Qc7 9. Bd4 Nc6 10. Nd2 Nxd4 11. cxd4 Qb6 12. Nb3 Qb4+ 13. Qd2 Qxd2+ 14. Kxd2 Bxg4 15. Bb5+ Bd7 16. Bxd7+ Kxd7 17. Nc5+ Ke8 18. Nxb7 Rb8 19. Na5 Rxb2+ 20. Kc3 Rb6 21. Ne2 e6 22. Rab1 Kd7 23. Rb3 Ne7 24. Rhb1 Nc8 25. Kd3 Be7 26. Nc3 Bxh4 27. Na4 Be7 28. Rxb6 axb6 29. Nxb6+ Nxb6 30. Rxb6 Rc8 31. Rb1 h5 32. Rh1 g6 0-1


[Site "https://www.chess.com"]

[Event "Titled Tuesday Blitz May 24 Early 2022"]
[White "Horak, Martin"]
[Black "Olafsson, Helgi"]
[WhiteFideId "367095"]
[BlackFideId "2300010"]
[WhiteElo "1997"]
[BlackElo "2463"]
[Result "1-0"]
[Round "01"]
[TimeControl "180+1"]
[Date "2022.05.25"]
[WhiteClock "0:00:45"]
[BlackClock "0:01:20"]

1. d4 Nf6 2. Nf3 e6 3. c4 b6 4. Nc3 Bb7 5. g3 Bb4 6. Qb3 c5 7. dxc5 bxc5 8. Bg2 Nc6 9. O-O Na5 10. Qa4 Bc6 11. Qc2 Nxc4 12. b3 Na3 13. Bxa3 Bxa3 14. Nb1 Qa5 15. Nxa3 Qxa3 16. Rac1 d6 17. Rfd1 Rd8 18. Nd2 Bxg2 19. Kxg2 Qa6 20. Nc4 O-O 21. Rd3 d5 22. Nd2 Rc8 23. Rc3 Qxe2 24. Re3 Qb5 25. Rc3 Nd7 26. Nf3 Qb4 27. Ng5 h6 28. Qh7# 1-0


[Site "https://www.chess.com"]

[Event "Titled Tuesday Blitz May 24 Early 2022"]
[White "Ibrahimli, Murad"]
[Black "Fernandez Barrera, Victor"]
[WhiteFideId "13410229"]
[BlackFideId "2261529"]
[WhiteElo "2109"]
[BlackElo "2189"]
[Result "1/2-1/2"]
[Round "01"]
[TimeControl "180+1"]
[Date "2022.05.24"]
[WhiteClock "0:00:23"]
[BlackClock "0:00:59"]

1. Nf3 Nf6 2. d4 e6 3. Bf4 d5 4. e3 Bd6 5. Nbd2 O-O 6. Bd3 b6 7. Qe2 Bb7 8. Ne5 c5 9. c3 Nc6 10. Qf3 Ne7 11. Qh3 Ng6 12. Bg5 Be7 13. Bxf6 Bxf6 14. f4 a5 15. Ndf3 Ba6 16. Bxg6 hxg6 17. g4 cxd4 18. exd4 b5 19. g5 Bxe5 20. Nxe5 b4 21. Rg1 bxc3 22. bxc3 Qb6 23. Rg2 Rfc8 24. Qe3 Rab8 25. Rc2 Qb5 26. Kf2 Kf8 27. Kg3 Ke7 28. h4 Rc7 29. Qc1 Qa4 30. Rb1 Rxb1 31. Qxb1 Rb7 32. Rb2 Rxb2 33. Qxb2 Qd1 34. Nf3 Be2 35. Qb7+ Ke8 36. Qc8+ Ke7 37. Qc7+ Ke8 38. Qb8+ Ke7 39. Qa7+ Ke8 40. Qa8+ Ke7 41. Qa7+ Ke8 42. Qa8+ Ke7 43. Qa7+ 1/2-1/2


[Site "https://www.chess.com"]

[Event "Titled Tuesday Blitz May 24 Early 2022"]
[White "Ingebretsen, Jens E"]
[Black "Keymer, Vincent"]
[WhiteFideId "1522965"]
[BlackFideId "12940690"]
[WhiteElo "2036"]
[BlackElo "2548"]
[Result "0-1"]
[Round "01"]
[TimeControl "180+1"]
[Date "2022.05.24"]
[WhiteClock "0:00:12"]
[BlackClock "0:01:13"]

1. c4 Nf6 2. Nf3 e6 3. Nc3 d5 4. cxd5 exd5 5. d4 c6 6. Bg5 Be7 7. e3 Bf5 8. Bd3 Bxd3 9. Qxd3 Nbd7 10. O-O O-O 11. Rab1 a5 12. Rfe1 Re8 13. Rbd1 h6 14. Bh4 a4 15. a3 Qa5 16. Ne5 Nxe5 17. dxe5 Nd7 18. Bg3 Nb6 19. Qf5 Nc4 20. e6 fxe6 21. Qxe6+ Kh8 22. Bf4 Bf6 23. Qh3 Nxb2 24. Bxh6 Qxc3 25. Rc1 Qd3 26. Bf4+ Qh7 27. Qf3 Nd3 0-1


[Site "https://www.chess.com"]

[Event "Titled Tuesday Blitz May 24 Early 2022"]
[White "Ioannidis, Evgenios"]
[Black "Sailer, Mike"]
[WhiteFideId "4229274"]
[BlackFideId "2012901"]
[WhiteElo "2254"]
[BlackElo "2109"]
[Result "1-0"]
[Round "01"]
[TimeControl "180+1"]
[Date "2022.05.25"]
[WhiteClock "0:01:28"]
[BlackClock "0:00:31"]

1. d4 d5 2. c4 Bf5 3. cxd5 Bxb1 4. Rxb1 Qxd5 5. e3 Qxa2 6. Bd2 e6 7. Ne2 Qd5 8. Nc3 Qd7 9. Bb5 c6 10. Bd3 Nf6 11. O-O Bd6 12. e4 e5 13. f4 exd4 14. Ne2 Bc5 15. Qc2 Qe7 16. Rfc1 Nbd7 17. b4 Bb6 18. b5 c5 19. Ng3 g6 20. e5 Nd5 21. Be4 Ne3 22. Bxe3 dxe3 23. Bxb7 Rb8 24. Bc6 O-O 25. Ne4 Nxe5 26. fxe5 Qxe5 27. Qc3 Qd4 28. Nxc5 e2+ 29. Qxd4 1-0


[Site "https://www.chess.com"]

[Event "Titled Tuesday Blitz May 24 Early 2022"]
[White "Ivanisevic, Ivan"]
[Black "Rom, Jasper"]
[WhiteFideId "912417"]
[BlackFideId "2023733"]
[WhiteElo "2495"]
[BlackElo "2233"]
[Result "1/2-1/2"]
[Round "01"]
[TimeControl "180+1"]
[Date "2022.05.25"]
[WhiteClock "0:00:04"]
[BlackClock "0:00:04"]

1. d4 d5 2. c4 e6 3. Nf3 c6 4. Nc3 dxc4 5. a4 Bb4 6. e4 b5 7. Be2 Nf6 8. O-O a5 9. Bg5 h6 10. Bxf6 Qxf6 11. axb5 Bxc3 12. bxc3 cxb5 13. Qb1 Bd7 14. Ne5 Qd8 15. f4 O-O 16. Bf3 Be8 17. f5 Na6 18. Ng4 Nc7 19. f6 h5 20. fxg7 Kxg7 21. Nf2 Qg5 22. Kh1 e5 23. d5 Bd7 24. Qe1 Ne8 25. Nd1 Nd6 26. h4 Qg6 27. Ra2 a4 28. Ne3 f6 29. Raf2 Rf7 30. Qb1 a3 31. Qb4 Nxe4 32. Bxe4 Qxe4 33. Qc5 Qxh4+ 34. Kg1 Qg5 35. Rf3 a2 36. Ra1 h4 37. Kf2 e4 38. Rh3 Bxh3 39. gxh3 Qg3+ 40. Ke2 Qh2+ 41. Kd1 Qg1+ 42. Kc2 Qxa1 43. Nf5+ Kg6 44. Nxh4+ Kh5 45. d6+ f5 46. Nxf5 Qb1+ 47. Kd2 Qb2+ 48. Ke3 Kg6 49. Nh4+ Kf6 50. Qf5+ Kg7 51. Qg6+ Kf8 52. Qh6+ Ke8 53. Qe6+ Kf8 54. Qh6+ Kg8 55. Qg6+ Rg7 56. Qe6+ Kh8 57. Qh6+ Kg8 58. Qe6+ Kf8 59. Qf6+ Kg8 60. Qe6+ 1/2-1/2


[Site "https://www.chess.com"]

[Event "Titled Tuesday Blitz May 24 Early 2022"]
[White "Jeet, Jain"]
[Black "Lauridsen, Jesper Morch"]
[WhiteFideId "5073022"]
[BlackFideId "1401890"]
[WhiteElo "2028"]
[BlackElo "2241"]
[Result "1-0"]
[Round "01"]
[TimeControl "180+1"]
[Date "2022.05.25"]
[WhiteClock "0:00:59"]
[BlackClock "0:00:06"]

1. d4 g6 2. Nf3 Bg7 3. e3 d6 4. Be2 Nd7 5. O-O e5 6. c4 Ngf6 7. Nc3 O-O 8. b3 e4 9. Nd2 Re8 10. Qc2 Qe7 11. Bb2 c6 12. Rfe1 Nf8 13. f3 Bf5 14. fxe4 Nxe4 15. Ndxe4 Bxe4 16. Nxe4 Qxe4 17. Bd3 Qg4 18. e4 Ne6 19. d5 Bxb2 20. Qxb2 Nf4 21. Bf1 Re5 22. Kh1 Rae8 23. dxc6 bxc6 24. Qd4 d5 25. cxd5 cxd5 26. Qxa7 dxe4 27. a4 e3 28. g3 Qf3+ 29. Kg1 Qf2+ 30. Kh1 Rh5 31. h3 Qf3+ 32. Kh2 e2 33. gxf4 exf1=N+ 34. Kg1 Qg3+ 35. Kxf1 Qxf4+ 36. Qf2 Qg5 37. Rxe8+ 1-0


[Site "https://www.chess.com"]

[Event "Titled Tuesday Blitz May 24 Early 2022"]
[White "Jian, Alex"]
[Black "Gabrielian, Artur"]
[WhiteFideId "30901022"]
[BlackFideId "4131002"]
[WhiteElo "2111"]
[BlackElo "2440"]
[Result "1/2-1/2"]
[Round "01"]
[TimeControl "180+1"]
[Date "2022.05.25"]
[WhiteClock "0:00:05"]
[BlackClock "0:00:04"]

1. Nf3 Nf6 2. b3 g6 3. Bb2 Bg7 4. e3 O-O 5. Be2 d6 6. d4 Nbd7 7. O-O b6 8. Nbd2 Bb7 9. c4 Ne4 10. Qc2 Nxd2 11. Nxd2 e5 12. Bf3 Bxf3 13. Nxf3 Qe7 14. dxe5 dxe5 15. Rfd1 Rad8 16. Rd5 c6 17. Rd2 e4 18. Nd4 Rc8 19. Rad1 Nc5 20. Ba3 Rfe8 21. Qc1 a5 22. Bxc5 Qxc5 23. h3 h5 24. Ne2 Be5 25. Qb1 Bb8 26. Rd4 Qe5 27. Ng3 f5 28. Rd7 h4 29. Nf1 Rc7 30. R1d4 Rxd7 31. Rxd7 Bc7 32. Qd1 Re7 33. Rxe7 Qxe7 34. Qd4 Qd6 35. Qxd6 Bxd6 36. Nd2 Kf7 37. Kf1 Ke6 38. Ke2 g5 39. f3 exf3+ 40. Nxf3 Kf6 41. Nd4 c5 42. Nf3 g4 43. Ng1 Bh2 44. Kf2 Bxg1+ 45. Kxg1 Ke5 46. Kf2 Ke4 47. Ke2 Ke5 48. Kf2 Kf6 49. Ke2 Kg5 50. Kf2 Kg6 51. Ke2 Kf6 52. Kf2 Ke6 53. Ke2 Kd6 54. Kd2 Ke5 55. Ke2 Ke4 56. a3 gxh3 57. gxh3 f4 58. exf4 Kxf4 59. Kf2 Ke4 60. Ke2 Kd4 61. Kd2 a4 62. Kc2 axb3+ 63. Kxb3 Kd3 64. Ka4 Kc3 65. Kb5 Kd4 66. Kxb6 Kxc4 67. a4 Kb4 68. a5 c4 69. a6 c3 70. a7 c2 71. a8=Q c1=Q 72. Qf8+ Kb3 73. Qf3+ Qc3 74. Qd5+ Kc2 75. Qe4+ Qd3 76. Qxh4 Qd6+ 77. Kb5 Qe5+ 78. Kc6 Qc3+ 79. Kd7 Qd3+ 80. Ke6 Qb3+ 81. Ke5 Qb8+ 82. Kf5 Qc8+ 83. Kg5 Qd8+ 84. Kg4 Qd4+ 85. Kg3 Qg1+ 86. Kf4 Qd4+ 87. Kg5 Qd8+ 88. Kh5 Qh8+ 89. Kg4 Qd4+ 90. Kg5 Qd8+ 1/2-1/2


[Site "https://www.chess.com"]

[Event "Titled Tuesday Blitz May 24 Early 2022"]
[White "Kejzar, Petra"]
[Black "Richter, Nils"]
[WhiteFideId "14610213"]
[BlackFideId "12990809"]
[WhiteElo "2004"]
[BlackElo "2243"]
[Result "1/2-1/2"]
[Round "01"]
[TimeControl "180+1"]
[Date "2022.05.25"]
[WhiteClock "0:00:51"]
[BlackClock "0:01:13"]

1. c4 e6 2. g3 f5 3. Bg2 Nf6 4. Nc3 Be7 5. e4 fxe4 6. Nxe4 O-O 7. Ne2 Nc6 8. O-O e5 9. d4 d6 10. d5 Nb8 11. f4 Nxe4 12. Bxe4 Bh3 13. Rf2 Nd7 14. Qc2 Nf6 15. fxe5 Nxe4 16. Qxe4 Rxf2 17. Kxf2 dxe5 18. Qxe5 Bc5+ 19. Be3 Qf8+ 20. Kg1 Re8 21. Bxc5 Qxc5+ 22. Qd4 Qd6 23. Nf4 Bf5 24. Rf1 Re4 25. Qf2 h6 26. c5 Qe5 27. Nd3 Qxd5 28. Qxf5 Qxd3 29. Qf8+ Kh7 30. Qf5+ Kg8 31. Qf8+ Kh7 32. Qf5+ Kg8 1/2-1/2


[Site "https://www.chess.com"]